 Dungeon Crawl Stone Soup version 0.16-a0-3159-ge6ac362 (webtiles) character file.

260 UbAh the Firebug (level 5, -4/38 HPs)
             Began as a Salamander Fire Elementalist on Feb 22, 2015.
             Was an Initiate of Sif Muna.
             Slain by a gnoll
             ... wielding a +0 halberd
              (16 damage)
             ... on level 3 of the Dungeon on Feb 23, 2015.
             The game lasted 00:27:49 (3291 turns).

UbAh the Firebug (Salamander Fire Elementalist)     Turns: 3291, Time: 00:27:49

Health: -4/38      AC:  8    Str: 10    XL:     5   Next: 95%
Magic:  13/13      EV: 18    Int: 16    God:    Sif Muna [......]
Gold:   74         SH:  0    Dex: 14    Spells: 4 memorised, 3 levels left

rFire  . . .     SeeInvis .     a - +0 short sword (venom)
rCold  x . .     Clarity  +     D - +1 robe
rNeg   . . .     SustAb   .     (no shield)
rPois  .         Gourm    .     (helmet restricted)
rElec  .         Spirit   .     (no cloak)
rCorr  .         Warding  .     k - +0 pair of gloves
rMut   .         Stasis   .     (no barding)
MR     .....                    n - amulet of clarity
Stlth  ++........               w - +5 ring of evasion
                                g - +2 ring of strength

@: very slow, not resistant to hostile enchantments, unstealthy
A: fiery attack, horns 1, yellow scales 1, clarity, slowness 2, tough skin 2,
cold vulnerability 1
a: Renounce Religion


You were on level 3 of the Dungeon.
You worshipped Sif Muna.
Sif Muna was noncommittal.
You were not hungry.

You visited 1 branch of the dungeon, and saw 3 of its levels.
You also visited: Sewer.

You collected 74 gold pieces.

Inventory:

Hand weapons
 a - a +0 short sword of venom (weapon)
 d - a cursed +0 club
 o - a cursed +0 hand axe
 q - a -3 mace
 r - a +0 short sword
 s - a +0 dagger
 t - a +0 club
 v - a +0 mace of holy wrath
 y - a +0 short sword
 C - a +0 dagger
 E - a +0 club
Missiles
 e - 103 stones (quivered)
 G - 34 sling bullets
 K - a throwing net
Armour
 f - a +0 helmet
 h - a +0 robe
 k - a +0 pair of gloves (worn)
 l - a +0 robe
 D - a +1 robe (worn)
Jewellery
 g - a +2 ring of strength (left hand)
 n - an amulet of clarity (around neck)
 w - a +5 ring of evasion (right hand)
Magical devices
 I - a wand of flame (18)
 N - a wand of frost (48)
Scrolls
 m - a scroll of noise
 x - a scroll of magic mapping
 F - a scroll of remove curse
 H - a scroll of enchant armour
Books
 b - a book of Flames

   Spells                             Type                      Level
   a - Flame Tongue                   Conjuration/Fire             1
   b - Throw Flame                    Conjuration/Fire             2
   c - Conjure Flame                  Conjuration/Fire             3
   d - Inner Flame                    Hexes/Fire                   3
   e - Sticky Flame                   Conjuration/Fire             4
   f - Fireball                       Conjuration/Fire             5
 i - Sif Muna's Incunabulum of the Oath
   (You found it on level 2 of the Dungeon)

   Spells                             Type                      Level
   a - Corona                         Hexes                        1
 A - Kikubaaqudgha's Handbook of Dark Magic
   (You found it on level 2 of the Dungeon)

   Spells                             Type                      Level
   a - Animate Skeleton               Necromancy                   1
 B - Vehumet's Volume of Attacks
   (You found it on level 2 of the Dungeon)

   Spells                             Type                      Level
   a - Magic Dart                     Conjuration                  1
Comestibles
 c - 2 bread rations
 j - 2 chunks of flesh
 p - a meat ration
 J - a slice of pizza
 L - a beef jerky


   Skills:
 + Level 3.1 Dodging
 + Level 4.1 Stealth
 * Level 3.4 Spellcasting
 + Level 2.3 Conjurations
 + Level 1.4 Necromancy
 + Level 4.9 Fire Magic
 + Level 0.3 Evocations


You had 3 spell levels left.
You knew the following spells:

 Your Spells              Type           Power        Failure   Level  Hunger
a - Flame Tongue          Conj/Fire      ##...        6%          1    None
b - Animate Skeleton      Necr           N/A          12%         1    None
c - Throw Flame           Conj/Fire      ##....       10%         2    ##.....
d - Conjure Flame         Conj/Fire      ##......     14%         3    ###....


Dungeon Overview and Level Annotations

Branches:
Dungeon (3/15)

Altars:
Elyvilon
Kikubaaqudgha
Sif Muna
Vehumet
Yredelemnul

Annotations:
D:2 Sigmund
D:3 Glitz's ghost, average SaAK


Innate Abilities, Weirdness & Mutations

Your melee attacks set your foes ablaze.
You cannot wear boots.
You cover ground very slowly.
You have very tough skin (AC +2).
You are vulnerable to cold.
You have a pair of small horns on your head.
You are partially covered in yellow scales (AC +2).
You possess an exceptional clarity of mind.


Message History

Unknown command.
Read which item? (? for menu, Esc to quit)
Okay, then.
Unknown command.
Unknown command.
You aren't carrying any potions.
Unknown command.
Unknown command.
Unknown command.
The gnoll misses you.
A gnoll comes into view. It is wielding a halberd.
The gnoll sergeant hits you with a spear.
The gnoll closely misses you. The gnoll sergeant closely misses you.
The gnoll misses you. The gnoll hits you. The gnoll sergeant misses you.
The gnoll completely misses you. The gnoll misses you.
The gnoll completely misses you.
The gnoll sergeant hits you from afar with a spear.
The gnoll hits you with a halberd!
You die...

*****,...........##
*,,,,,............###
.,,,,,,#..###..##...#####
...,,,,*#.##............#########
....#####....########....>......#
..#........#....<## #<..........#
#.................####..........#
##.......).........# #..........#
#.............g@..# #..........#
##...........gg...# #..........#
#...........g....# #..........#
#...........g....# #.....>....#
#................# #..........#
*...............## ##########.#
**##.....#.....## #.#
############# #)# #..


You could see a gnoll sergeant and 4 gnolls.

Vanquished Creatures
  A big kobold (Sewer)
  Natasha (twice) (D:3)
  4 river rats
  6 adders
  2 worms
  A giant gecko (D:3)
  2 oozes
  3 giant cockroaches
  5 hobgoblins
  A jackal (Sewer)
  3 ball pythons
  4 bats
  3 giant newts
  6 goblins
  8 kobolds
  8 rats
59 creatures vanquished.

Vanquished Creatures (collateral kills)
  Natasha (D:3)
  An adder (D:2)
  A goblin (D:2)
3 creatures vanquished.

Vanquished Creatures (others)
  4 adder skeletons
  A giant gecko skeleton (D:3)
  2 giant newt skeletons (D:2)
  A goblin skeleton (D:3)
  3 hobgoblin skeletons
  A kobold skeleton (D:3)
  2 rat skeletons
14 creatures vanquished.

Grand Total: 76 creatures vanquished

Notes
Turn   | Place    | Note
--------------------------------------------------------------
     0 | D:1      | UbAh, the Salamander Fire Elementalist, began the quest for the Orb.
     0 | D:1      | Reached XP level 1. HP: 14/14 MP: 3/3
   366 | D:1      | Reached XP level 2. HP: 2/20 MP: 2/6
   370 | D:1      | Learned a level 2 spell: Throw Flame
   804 | D:2      | Noticed Sigmund
   926 | D:2      | Found a deep blue altar of Sif Muna.
   930 | D:2      | Identified Sif Muna's Incunabulum of the Oath
   932 | D:2      | Became a worshipper of Sif Muna the Loreminder
   937 | D:2      | Found an ancient bone altar of Kikubaaqudgha.
   941 | D:2      | Identified Kikubaaqudgha's Handbook of Dark Magic
   944 | D:2      | Learned a level 1 spell: Animate Skeleton
   947 | D:2      | Found a radiant altar of Vehumet.
   951 | D:2      | Identified Vehumet's Volume of Attacks
  1176 | D:2      | Reached XP level 3. HP: 26/26 MP: 2/7
  1443 | D:1      | Learned a level 3 spell: Conjure Flame
  1677 | D:2      | Found a basalt altar of Yredelemnul.
  2238 | D:3      | Reached XP level 4. HP: 33/33 MP: 9/9
  2290 | D:3      | Found a white marble altar of Elyvilon.
  2299 | D:3      | Noticed Natasha
  2307 | D:3      | Killed Natasha
  2307 | D:3      | Reached skill level 1 in Necromancy
  2322 | D:3      | Noticed Natasha
  2326 | D:3      | Killed Natasha
  2342 | D:3      | Noticed Glitz's ghost (average SaAK)
  2353 | D:3      | Noticed a gnoll sergeant
  2409 | D:3      | Noticed Natasha
  2410 | D:3      | Killed Natasha
  2607 | D:3      | Found a glowing drain.
  2612 | D:3      | Reached XP level 5. HP: 32/38 MP: 2/12
  2637 | Sewer    | Entered a sewer
  2655 | Sewer    | Gained mutation: You are partially covered in yellow scales (AC +2). [potion of mutation]
  2655 | Sewer    | Gained mutation: You possess an exceptional clarity of mind. [potion of mutation]
  2655 | Sewer    | Gained mutation: You have a pair of small horns on your head. [potion of mutation]
  3126 | Sewer    | Found a white marble altar of Elyvilon.
  3291 | D:3      | Slain by a gnoll

Action                   |  1- 3 |  4- 6 || total
-------------------------+-------+-------++-------
Melee: Unarmed           |    39 |       ||    39
       Mace              |     1 |       ||     1
       Short sword       |    27 |    57 ||    84
Throw: Stone             |    14 |     2 ||    16
 Cast: Flame Tongue      |    17 |    21 ||    38
       Throw Flame       |    24 |    11 ||    35
       Animate Skeleton  |     8 |     8 ||    16
       Conjure Flame     |       |     1 ||     1
Evoke: Wand              |       |     2 ||     2
  Use: Scroll            |     1 |     7 ||     8
       Potion            |     1 |     6 ||     7
 Stab: Sleeping          |     2 |       ||     2
       Distracted        |     1 |       ||     1
  Eat: Chunk             |     6 |     4 ||    10
